 Dungeon Crawl Stone Soup version 0.27.1-1-g398f81649c (webtiles) character file.

Game seed: 5934757235489061586

28 nightchill the Sneak (level 3, 0/20 HPs)
             Began as a Kobold Enchanter on Sept 1, 2021.
             Slain by a kobold (2 damage)
             ... on level 1 of the Dungeon on Sept 6, 2021.
             The game lasted 00:03:52 (1305 turns).

nightchill the Sneak (Kobold Enchanter)             Turns: 1305, Time: 00:03:53

Health: 0/20       AC:  2    Str:  6    XL:     3   Next: 27%
Magic:  1/6        EV: 15    Int: 16    God:
Gold:   41         SH:  0    Dex: 15    Spells: 3/6 levels left

rFire    . . .     SeeInvis .   a - +1 dagger
rCold    . . .     Faith    .   (shield restricted)
rNeg     . . .     Spirit   .   b - +0 robe
rPois    .         Reflect  .   (no helmet)
rElec    .         Harm     .   (no cloak)
rCorr    .         Rampage  .   (no gloves)
Will     .....                  (no boots)
Stlth    ++++......             (no amulet)
HPRegen  0.06/turn              (no ring)
MPRegen  0.10/turn              (no ring)

@: no status effects
A: small, no large weapons, nightstalker 3
a: no special abilities


You were on level 1 of the Dungeon.
You visited 1 branch of the dungeon, and saw 1 of its levels.

You collected 41 gold pieces.

Inventory:

Hand Weapons
 a - a +1 dagger (weapon)
Armour
 b - a +0 robe (worn)
Scrolls
 c - 2 scrolls of immolation {unknown}


   Skills:
 + Level 1.0 Fighting
 + Level 2.0 Short Blades
 - Level 2.4 Dodging
 + Level 4.4 Stealth
 - Level 2.1 Spellcasting
 * Level 3.5 Hexes
 * Level 0.4 Ice Magic


You had 3 spell levels left.
You knew the following spells:

 Your Spells              Type           Power      Damage    Failure   Level
a - Corona                Hex            13%        N/A       4%          1
b - Ensorcelled Hibernat  Hex/Ice        16%        N/A       14%         2

Your spell library contained the following spells:

 Spells                   Type           Power      Damage    Failure   Level
 Confusing Touch          Hex            12%        N/A       14%         3
 Tukima's Dance           Hex            12%        N/A       14%         3
 Dazzling Flash           Conj/Hex       14%        N/A       30%         3


Dungeon Overview and Level Annotations

Branches:
Dungeon (1/15)

Altars:


Innate Abilities, Weirdness & Mutations

You are small and have problems with some larger weapons.
You are completely attuned to the shadows.


Message History

Aiming: Ensorcelled Hibernation (safe; 14% risk of failure)
Press: ? - help, Shift-Dir - straight line, f - kobold
Aim: a kobold, wielding a +0 short sword and quivering stones (chance to affect: 57%)
You miscast Ensorcelled Hibernation.
You are very lightly contaminated with residual magic.
Nothing appears to happen.
The kobold throws a stone.
The stone misses you.
Casting: Ensorcelled Hibernation (safe; 14% risk of failure)
Confirm with . or Enter, or press ? or * to list all spells.
Aiming: Ensorcelled Hibernation (safe; 14% risk of failure)
Press: ? - help, Shift-Dir - straight line, f/p - kobold
Aim: a kobold, wielding a +0 short sword and quivering stones (chance to affect: 57%)
The kobold resists with significant effort.
The kobold throws a stone.
The stone hits you. The kobold barely misses you.
You barely miss the kobold.
The kobold hits you with a +0 short sword.
Casting: Ensorcelled Hibernation (safe; 14% risk of failure)
Confirm with . or Enter, or press ? or * to list all spells.
Aiming: Corona (safe; 4% risk of failure)
Press: ? - help, Shift-Dir - straight line, f/p - kobold
Aim: a kobold, wielding a +0 short sword and quivering stones (chance to affect: 66%)
The kobold is outlined in light.
The kobold barely misses you. Something hits you.
You hit the kobold but do no damage. The kobold closely misses you.
Something hits you.
* * * LOW HITPOINT WARNING * * *
You hit the kobold but do no damage.
The kobold hits you with a +0 short sword.
* * * LOW HITPOINT WARNING * * *
Something barely misses you.
You hit the kobold.
The kobold is moderately wounded.
The kobold hits you with a +0 short sword.
* * * LOW HITPOINT WARNING * * *
Something hits you but does no damage.
Your magical contamination has completely faded away.
You hit the kobold but do no damage.
The kobold is moderately wounded.
The kobold hits you with a +0 short sword.
You die...

......#..#..#...#
................#
.............#.###
.................##
.†:....#.#.....#..#
........#......##.##
##..............#..#
...#..........#{.#.##
..##..........##@...#
................K...#
...)..≈≈≈≈≈≈†.......#
.....≈≈####≈≈.......#
.....≈## ##≈.....#.#
.....≈# #≈..$.#.
#....≈# #≈..... .
#≈.....


You could see a kobold (corona).

Vanquished Creatures
  2 dart slugs (D:1)
  4 endoplasms (D:1)
  A giant cockroach (D:1)
  A hobgoblin (D:1)
  3 jackals (D:1)
  2 ball pythons (D:1)
  3 bats (D:1)
  A frilled lizard (D:1)
  A goblin (D:1)
  2 kobolds (D:1)
  3 rats (D:1)
23 creatures vanquished.

Notes
Turn   | Place    | Note
-------+----------+-------------------------------------------
     0 | D:1      | nightchill the Kobold Enchanter began the quest for the
                  | Orb.
     0 | D:1      | Reached XP level 1. HP: 10/10 MP: 3/3
    52 | D:1      | Upgraded the game from 0.27.1 to 0.27.1-1-g398f81649c
   275 | D:1      | Reached XP level 2. HP: 11/16 MP: 3/5
   339 | D:1      | Learned a level 2 spell: Ensorcelled Hibernation
   782 | D:1      | Reached XP level 3. HP: 17/20 MP: 2/6
  1188 | D:1      | Reached skill level 1 in Fighting
  1305 | D:1      | Slain by a kobold

Illustrated notes

Levels and vault maps discovered:
D:1:      minmay_arrival_up_and_down, layout_rooms, minmay_strange_pillars,
          kennysheep_decorative_pillar, minmay_misc_feat_more_columns,
          st_stairs_10

Skill      XL: |  1  2  3 |
---------------+----------+-----
Short Blades   | 2 |  2.0
Fighting       | 1 |  1.0
Dodging        | |  2.4
Stealth        | |  4.4
Spellcasting   | |  2.1
Hexes          | |  3.5
Ice Magic      | |  0.4

Action                   || total
-------------------------++-------
Melee: Dagger            ||    92
 Cast: Corona            ||    10
       Ensorcelled Hiber ||     5
 Stab: Sleeping          ||     9
Armor: Robe              ||    16
Dodge: Dodged            ||    65
